 Dungeon Crawl Stone Soup version 0.32-a0-172-gc5dd13f2a7 (webtiles) character file.

Game seed: 1371521287741651551

18 cforsyth the Magician (level 2, -2/23 HPs)
             Began as a Djinni Hexslinger on Feb 13, 2024.
             Slain by a quokka (4 damage)
             ... on level 2 of the Dungeon.
             The game lasted 00:00:47 (483 turns).

cforsyth the Magician (Djinni Hexslinger)            Turns: 483, Time: 00:00:47

Health: -2/23      AC:  3    Str:  7    XL:     2   Next: 90%
Gold:   28         EV: 12    Int: 14    God:
                   SH:  0    Dex: 15

rFire   + + .        a - +1 sling
rCold   x . .        (no shield)
rNeg    . . .        c - +0 robe
rPois   ∞            g - +0 helmet
rElec   .            (no cloak)
rCorr   .            (no gloves)
SInv    .            (boots unavailable)
Will    .....        (no amulet)
Stlth   +            (no ring)
HPRegen 0.23/turn    (no ring)
MPRegen 0.00/turn

%: infuse magic (-3 HP)
@: mighty, flying
A: sickness immunity, fire resistance 2, cold vulnerability 1, float, innate
caster, HP casting, extra vitality 1
a: no special abilities


You were on level 2 of the Dungeon.
You visited 1 branch of the dungeon, and saw 2 of its levels.

You collected 28 gold pieces.


Innate Abilities, Weirdness & Mutations

You are immune to sickness and miasma.
You are immune to poison.
Your flesh is very heat resistant. (rF++)
You are vulnerable to cold. (rC-)
You float through the air rather than walking.
You learn spells naturally, not from books.
Your magical power is your life essence.
You have superior vitality. (+4 MHP)


   Skills:
 + Level 1.9 Fighting
 - Level 1.5 Ranged Weapons
 - Level 2.1 Dodging
 + Level 3.0 Spellcasting
 + Level 3.0 Conjurations
 + Level 3.0 Hexes
 + Level 3.0 Summonings
 + Level 3.0 Necromancy
 + Level 3.0 Translocations
 + Level 3.0 Fire Magic
 + Level 3.0 Ice Magic
 + Level 3.0 Air Magic
 + Level 3.0 Earth Magic
 + Level 3.0 Alchemy


You knew the following spells:

 Your Spells              Type           Power      Damage    Failure   Level
c - Cause Fear            Hex            5%         N/A       52%         4
f - Inner Flame           Hex/Fire       10%        N/A       19%         3
X - Jinxbite              Hex            20%        N/A       10%         2
Y - Sigil of Binding      Hex            10%        N/A       19%         3
Z - Dimensional Bullseye  Hex/Tloc       5%         N/A       52%         4
Your spell library was empty.

Inventory:

Hand Weapons
 a - a +1 sling (weapon)
Armour
 c - a +0 robe (worn)
 g - a +0 helmet (worn)
Scrolls
 b - a scroll of poison
 d - a scroll of revelation {unknown}
 e - a scroll of immolation {unknown}
 f - a scroll of torment {unknown}

Dungeon Overview and Level Annotations

Branches:
Dungeon (2/15)

Altars:

#. #. #. # #.###.#
.##
......######...#.#
#...lgr@....... #
##...#####...#.#
...#.....# .##
#.......# #
...#...<.# ##
##...## #####


You could see a quokka, a hobgoblin and a frilled lizard.


Message History

The hobgoblin hits you.
* * * LOW HITPOINT WARNING * * *
The quokka attacks as it pursues you!
The quokka bites you but does no damage.
The hobgoblin misses you.
The hobgoblin attacks as it pursues you!
The hobgoblin barely misses you. The quokka attacks as it pursues you!
The quokka bites you but does no damage.
The quokka closely misses you.
The frilled lizard unfolds its giant frill.
You shoot a sling bullet. The sling bullet hits the quokka.
The quokka is severely wounded.
The quokka bites you.
* * * LOW HITPOINT WARNING * * *
The quokka closely misses you.
You shoot a sling bullet.
The sling bullet hits the quokka but does no damage.
The quokka is severely wounded.
The quokka bites you.
* * * LOW HITPOINT WARNING * * *
Unknown command.
It was a potion of might.
You feel very mighty all of a sudden. The quokka barely misses you.
You shoot a sling bullet. The sling bullet misses the quokka.
The sling bullet hits the hobgoblin.
The hobgoblin is lightly wounded.
The quokka misses you. The quokka bites you.
You die...

Skill      XL: |  1  2 |
---------------+-------+-----
Spellcasting   | 3 |  3.0
Conjurations   | 3 |  3.0
Hexes          | 3 |  3.0
Summonings     | 3 |  3.0
Necromancy     | 3 |  3.0
Translocations | 3 |  3.0
Fire Magic     | 3 |  3.0
Ice Magic      | 3 |  3.0
Air Magic      | 3 |  3.0
Earth Magic    | 3 |  3.0
Alchemy        | 3 |  3.0
Fighting       | |  1.9
Ranged Weapons | |  1.5
Dodging        | |  2.1

Action                     || total
---------------------------++-------
   Fire: Sling             ||    59
    Use: Potion            ||     1
 Armour: Robe              ||    19
  Dodge: Dodged            ||    22

Levels and vault maps discovered:
D:1:      ncdulo_lavacross, layout_basic
D:2:      layout_loops_corners, basic_altar

Notes
Turn   | Place    | Note
-------+----------+-------------------------------------------
     0 | D:1      | cforsyth the Djinni Hexslinger began the quest for the Orb.
     0 | D:1      | cforsyth set off with the following spells memorised:
                  | Jinxbite, Sigil of Binding, Inner Flame, Cause Fear,
                  | Dimensional Bullseye.
     0 | D:1      | Reached XP level 1. HP: 17/17 MP: 0/0
   170 | D:1      | Reached XP level 2. HP: 22/22 MP: 0/0
   216 | D:1      | Reached skill level 3 in Spellcasting
   216 | D:1      | Reached skill level 3 in Conjurations
   216 | D:1      | Reached skill level 3 in Hexes
   216 | D:1      | Reached skill level 3 in Summonings
   216 | D:1      | Reached skill level 3 in Necromancy
   216 | D:1      | Reached skill level 3 in Translocations
   216 | D:1      | Reached skill level 3 in Fire Magic
   216 | D:1      | Reached skill level 3 in Ice Magic
   216 | D:1      | Reached skill level 3 in Air Magic
   216 | D:1      | Reached skill level 3 in Earth Magic
   216 | D:1      | Reached skill level 3 in Alchemy
   481 | D:2      | HP: 2/23 [quokka (1)]
   483 | D:2      | Slain by a quokka

Vanquished Creatures
  2 ball pythons (D:1)
  An endoplasm (D:1)
  A giant cockroach (D:1)
  2 hobgoblins (D:1)
  2 kobolds (D:1)
  2 bats (D:1)
  5 goblins (D:1)
  A rat (D:1)
16 creatures vanquished.

Table legend: (Time is in decaauts)
 A = Elapsed time spent in this place.
 B = Non-inter-level travel time spent in this place.
 C = Inter-level travel time spent in this place.
 D = Time resting spent in this place.
 E = Time spent auto-exploring this place.
 F = Levels seen in this place.
 G = Mean time per level.
                   A        B        C        D        E       F      G
               +--------+--------+--------+--------+--------+-----+--------+
         Total |    500 |    477 |     23 |      0 |    358 |   2 |  250.0 |
       Dungeon |    500 |    477 |     23 |      0 |    358 |   2 |  250.0 |
               +--------+--------+--------+--------+--------+-----+--------+

Top non-repeatable levels by time:
     D:1: 480 daAuts
     D:2: 20 daAuts

Table legend:
 A = Non-vault XP
 B = Vault XP
 C = Vault XP percentage of total XP
 D = Non-vault monster count
 E = Vault monster count
 F = Vault count percentage of total count
                 A         B        C        D         E       F
            +---------+---------+-------+---------+---------+-------
      Total |      27 |       0 |   0.0 |      16 |       0 |   0.0
            +---------+---------+-------+---------+---------+-------
        D:1 |      27 |       0 |   0.0 |      16 |       0 |   0.0
            +---------+---------+-------+---------+---------+-------
